 Dungeon Sprint DCSS version 0.28.0-1-gb440e238dd (webtiles) character file.

Game seed: 2462988395592377360

4385 boopmooplesden the Severer (level 10, -6/96 HPs)
             Began as a Minotaur Fighter on Feb 23, 2022.
             Was an Elder of Okawaru.
             Mangled by a spriggan rider (21 damage)
             ... in the Dungeon (Sprint IV: "Fedhas' Mad Dash").
             The game lasted 00:05:55 (2041 turns).

boopmooplesden the Severer (Minotaur Fighter)       Turns: 2041, Time: 00:05:56

Health: -6/96      AC: 10    Str: 24    XL:     10   Next: 13%
Magic:  9/11       EV: 13    Int:  5    God:    Okawaru [****..]
Gold:   174        SH:  7    Dex: 11    Spells: 9/9 levels left

rFire   . . .      SeeInvis .   a - +0 war axe
rCold   . . .      Faith    .   c - +0 buckler
rNeg    . . .      Spirit   .   b - +0 scale mail
rPois   .          Reflect  .   (helmet restricted)
rElec   .          Harm     .   (no cloak)
rCorr   .          Rampage  .   (no gloves)
Will    .....      NoTele   +   (no boots)
Stlth   ++++......              k - amulet of invisibility {+Inv}
HPRegen 0.26/turn               (no ring)
MPRegen 0.12/turn               (no ring)

@: heroic, very slightly contaminated
A: horns 2, retaliatory headbutt
a: Renounce Religion, Evoke Invisibility, Heroism, Finesse


You were in the Dungeon.
You worshipped Okawaru.
Okawaru was greatly pleased with you.
You visited 1 branch You collected 174 gold pieces.

Inventory:

Hand Weapons
 a - a +0 war axe (weapon)
Missiles
 q - 4 silver javelins (quivered)
 r - 20 sling bullets
Armour
 b - a +0 scale mail (worn)
 c - a +0 buckler (worn)
Magical Staves
 p - a staff of poison
Jewellery
 k - the amulet of invisibility (around neck) {+Inv}
   (You found it in the Dungeon)

   [amulet of nothing]

   +Inv:      It lets you turn invisible.
Wands
 d - a wand of paralysis (1)
Scrolls
 j - a scroll of blinking
 m - a scroll of identify {unknown}
Potions
 e - 3 potions of curing
 f - a potion of heal wounds
 g - a potion of haste
 h - 2 potions of magic
 i - a potion of berserk rage
 l - a potion of brilliance {unknown}
 o - a potion of lignification {unknown}
Miscellaneous
 n - a tin of tremorstones (2/2)


   Skills:
 + Level 11.4(16.4) Fighting
 + Level 15.3(20.3) Axes
 + Level 5.8(10.8) Throwing
 + Level 11.5(16.5) Armour
 + Level 4.7(9.7) Dodging
 + Level 7.4(12.4) Stealth
 + Level 9.3(14.3) Shields
 + Level 2.9 Invocations
 + Level 7.8 Evocations


You had 9 spell levels left.
You didn't know any spells.
Your spell library contained the following spells:

 Spells                   Type           Power      Damage    Failure   Level
 Ozocubu's Armour         Ice            0%         N/A       98%         3
 Ozocubu's Refrigeration  Ice            0%         4d5       100%        7


Dungeon Overview and Level Annotations

Branches:
Dungeon (1/1)

Altars:
Cheibriados
Dithmenos
Elyvilon
Gozag
Hepliaklqana
Kikubaaqudgha
Makhleb
Nemelex Xobeh
Okawaru
Qazlal
Ru
Sif Muna
Trog
Uskayaw
Vehumet
Wu Jian
Xom
Yredelemnul
Zin
The Shining One
Beogh
Jiyva
Lugonu

Shops:
D [[?*


Innate Abilities, Weirdness & Mutations

You have a pair of horns on your head.
You reflexively headbutt those who attack you in melee.


Message History

The demonic crawler hits you but does no damage.
You hit the demonic crawler but do no damage.
You headbutt the demonic crawler.
The demonic crawler is severely wounded.
The demonic crawler hits you. x3
You closely miss the demonic crawler.
You headbutt the demonic crawler, but do no damage.
The demonic crawler is severely wounded.
A spriggan rider opens the door.
A spriggan comes into view. It is wielding a +0 rapier.
The demonic crawler closely misses you. You furiously retaliate!
You headbutt the demonic crawler, but do no damage.
The demonic crawler hits you!
The demonic crawler hits you but does no damage.
You gain the combat prowess of a mighty hero.
The demonic crawler shrieks in warning!
You slash the demonic crawler!
The demonic crawler is almost dead.
The demonic crawler hits you but does no damage.
The demonic crawler barely misses you. The demonic crawler closely misses you.
You block the spriggan rider's attack.
A spriggan comes into view. It is wielding a +0 dagger.
You hit the demonic crawler but do no damage.
The demonic crawler is almost dead.
The demonic crawler hits you but does no damage.
The demonic crawler barely misses you. The demonic crawler hits you!
The spriggan rider hits you from afar with a +0 spear!!
* * * LOW HITPOINT WARNING * * *
You hit the demonic crawler but do no damage.
The demonic crawler is almost dead.
You flicker back into view.
The demonic crawler shrieks in warning!
You completely miss the demonic crawler.
The demonic crawler is severely wounded.
You block the demonic crawler's attack. The demonic crawler hits you.
* * * LOW HITPOINT WARNING * * *
The demonic crawler hits you.
* * * LOW HITPOINT WARNING * * *
The spriggan rider hits you from afar with a +0 spear!!
You die...

#####################
._.⌠.#..)...#....##∩#
_._..'..#...#....'..#
._...#..###'##.(.##∩#
_._..#..##∩∩.'...####
._.⌠.############# #..
##########......###i....
.###.'.('.......@sii..♣
♣##..#..#.......#######
.###.##+##.P....# ♣'...#
######## ######


You could see a spriggan rider, a demonic crawler (catching breath) and 2
spriggans.

Vanquished Creatures
  A spriggan druid (D)
  6 oklob plants (D)
  3 burning bushes (D)
  A queen bee (D)
  3 wandering mushrooms (D)
  3 scorpions (D)
  4 killer bees (D)
  5 oklob saplings (D)
  2 spriggans (D)
  A river rat (D)
  A rat (D)
30 creatures vanquished.

Vanquished Creatures (others)
  A ballistomycete spore (D)
  6 fungi (D)
7 creatures vanquished.

Grand Total: 37 creatures vanquished

Notes
Turn   | Place    | Note
-------+----------+-------------------------------------------
     0 | D        | boopmooplesden the Minotaur Fighter began the quest for the
                  | Orb.
     0 | D        | Reached XP level 1. HP: 19/19 MP: 0/0
    14 | D        | Reached skill level 3 in Axes
    14 | D        | Reached XP level 2. HP: 10/28 MP: 1/1
   244 | D        | Noticed a scorpion
   249 | D        | Killed a scorpion
   250 | D        | Reached skill level 4 in Axes
   250 | D        | Reached skill level 5 in Shields
   250 | D        | Reached XP level 3. HP: 34/37 MP: 2/2
   250 | D        | Reached XP level 4. HP: 40/44 MP: 3/3
   254 | D        | Found the amulet of invisibility {+Inv}
   285 | D        | Reached skill level 5 in Axes
   456 | D        | Found an opulent altar of Gozag.
   456 | D        | Found a hazy altar of Hepliaklqana.
   456 | D        | Found a snail-covered altar of Cheibriados.
   457 | D        | Found a viscous altar of Jiyva.
   457 | D        | Found a burning altar of Makhleb.
   457 | D        | Found a sparkling altar of Nemelex Xobeh.
   457 | D        | Found a sacrificial altar of Ru.
   457 | D        | Found a shimmering blue altar of Sif Muna.
   457 | D        | Found a bloodstained altar of Trog.
   457 | D        | Found an ornate altar of the Wu Jian Council.
   457 | D        | Found a shimmering altar of Xom.
   457 | D        | Found a basalt altar of Yredelemnul.
   458 | D        | Found an iron altar of Okawaru.
   458 | D        | Found a shadowy altar of Dithmenos.
   458 | D        | Found a glowing silver altar of Zin.
   459 | D        | Found an ancient bone altar of Kikubaaqudgha.
   459 | D        | Found a hide-covered altar of Uskayaw.
   460 | D        | Found a stormy altar of Qazlal.
   460 | D        | Found a white marble altar of Elyvilon.
   460 | D        | Found a glowing golden altar of the Shining One.
   461 | D        | Found a corrupted altar of Lugonu.
   461 | D        | Found a radiant altar of Vehumet.
   468 | D        | Reached skill level 1 in Evocations
   468 | D        | Reached XP level 5. HP: 52/52 MP: 2/4
   470 | D        | Became a worshipper of Warmaster Okawaru
   503 | D        | Reached skill level 6 in Axes
   503 | D        | Reached skill level 1 in Dodging
   503 | D        | Reached skill level 1 in Stealth
   523 | D        | Reached skill level 7 in Axes
   523 | D        | Reached XP level 6. HP: 62/62 MP: 2/5
   535 | D        | Found Egaempa's Antique Armour Shop.
   536 | D        | Found Zamink's Antique Armour Emporium.
   544 | D        | Noticed a burning bush
   544 | D        | Noticed a wandering mushroom
   545 | D        | Noticed a wandering mushroom
   576 | D        | Killed a wandering mushroom
   576 | D        | Reached * piety under Okawaru
   577 | D        | Reached skill level 8 in Axes
   694 | D        | Killed a wandering mushroom
   695 | D        | Reached skill level 9 in Axes
   695 | D        | Reached skill level 10 in Armour
   695 | D        | Reached XP level 7. HP: 67/70 MP: 3/6
   707 | D        | Killed a burning bush
   707 | D        | Reached ** piety under Okawaru
   708 | D        | Reached skill level 10 in Axes
   711 | D        | Found Demmog's Magic Scroll Shoppe.
   712 | D        | Found Voihiaha's General Store.
   877 | D        | Noticed a queen bee
   884 | D        | Reached skill level 5 in Evocations
   885 | D        | Reached skill level 11 in Axes
   885 | D        | Reached XP level 8. HP: 70/79 MP: 5/7
   894 | D        | Killed a queen bee
   895 | D        | Reached skill level 10 in Fighting
  1042 | D        | Noticed an oklob plant
  1051 | D        | Killed an oklob plant
  1051 | D        | Reached *** piety under Okawaru
  1052 | D        | Reached skill level 13 in Axes
  1052 | D        | Reached skill level 5 in Stealth
  1052 | D        | Reached skill level 1 in Invocations
  1063 | D        | Noticed a burning bush
  1078 | D        | Killed a burning bush
  1092 | D        | Noticed a burning bush
  1092 | D        | Noticed an oklob plant
  1115 | D        | Killed a burning bush
  1116 | D        | Reached skill level 1 in Throwing
  1116 | D        | Reached XP level 9. HP: 38/86 MP: 6/9
  1319 | D        | Noticed a wandering mushroom
  1327 | D        | Killed an oklob plant
  1327 | D        | Reached **** piety under Okawaru
  1328 | D        | Reached skill level 14 in Axes
  1498 | D        | Noticed a spriggan druid
  1504 | D        | Killed a spriggan druid
  1578 | D        | Noticed an oklob plant conjurer
  1579 | D        | Killed an oklob plant conjurer
  1579 | D        | Received a gift from Okawaru
  1580 | D        | Reached skill level 15 in Axes
  1610 | D        | Noticed an oklob plant
  1610 | D        | Noticed an oklob plant summoner
  1752 | D        | Noticed an oklob plant shifter
  1760 | D        | Killed an oklob plant
  1761 | D        | Reached skill level 5 in Throwing
  1765 | D        | Killed an oklob plant shifter
  1766 | D        | Reached XP level 10. HP: 43/96 MP: 6/11
  1771 | D        | Killed an oklob plant summoner
  2037 | D        | Noticed a spriggan rider
  2041 | D        | Mangled by a spriggan rider

Illustrated notes

Levels and vault maps discovered:
D:        dungeon_sprint_fedhas [sprint_temple]

Skill      XL: |  1  2  3  4  5  6  7  8  9 |
---------------+----------------------------+-----
Fighting       | 4 6 7 8 9 10 11 | 11.4
Axes           | 3 4 5 7 9 11 13 15 | 15.3
Armour         | 4 6 8 9 10 11 | 11.5
Shields        | 4 5 7 8 9 |  9.3
Evocations     | 1 2 4 5 6 7 |  7.8
Dodging        | 1 2 3 4 |  4.7
Stealth        | 1 3 5 7 |  7.4
Invocations    | 1 2 |  2.9
Throwing       | 1 5 |  5.8

Action                   |  1- 3 |  4- 6 |  7- 9 | 10-12 || total
-------------------------+-------+-------+-------+-------++-------
Melee: War axe           |    13 |    30 |    61 |    23 ||   127
       Headbutt          |     1 |     7 |    17 |     9 ||    34
Throw: Boomerang         |       |       |    27 |       ||    27
       Javelin           |       |       |     5 |       ||     5
Invok: Heroism           |       |     1 |     8 |     1 ||    10
 Abil: Evoke Invisibilit |       |     4 |     7 |     1 ||    12
  Use: Potion            |     1 |       |       |       ||     1
 Stab: Invisible         |       |     3 |     9 |     2 ||    14
       Sleeping          |       |       |     4 |       ||     4
Armor: Scale mail        |     4 |     5 |     1 |    11 ||    21
Dodge: Dodged            |     2 |    11 |    16 |    14 ||    43
Block: Buckler           |     3 |     4 |     3 |     6 ||    16
